Map: Acropolis LE

Players

Awers - Winner!

  • Race: Terran Terran
  • Spawn Location: 11:00

HolyHit

  • Race: Protoss Protoss
  • Spawn Location: 5:00

Event: 2019 WCS Summer

VOD

Have the link to the VOD?

Description

Time

  • Played on: July 12, 2019, 10:07 a.m.
  • Length: 16:09

All games in this series

Show
View Real Time Build Order
Export as new Build Order

Awers Terran - Winner!

Build Orders: Cyclone Opening, Mech 

Get SALT Encoding   

  12  0:00  SCV  
  13  0:12  SCV  
  14  0:18  Supply Depot  
  14  0:25  SCV  
  15  0:29  Refinery  
  15  0:39  SCV  
  16  0:47  Barracks  
  16  0:51  SCV  
  17  0:57  Refinery  
  17  1:04  SCV  
  18  1:17  SCV  
  19  1:34  Orbital Command, Barracks Tech Lab  
  19  1:46  Factory  
  19  1:53  Reaper  
  20  2:01  SCV  
  21  2:03  Supply Depot  
  21  2:13  SCV  
  22  2:25  SCV  
  22  2:26  Reaper  
  24  2:32  Factory Tech Lab  
  24  2:34  Starport  
  23  2:45  SCV  
  23  2:52  Cyclone  
  23  2:55  Supply Depot  
  26  3:01  SCV  
  27  3:19  Starport Tech Lab  
  27  3:21  Command Center  
  27  3:26  SCV  
  28  3:31  Cyclone  
  30  3:38  Viking  
  30  3:41  SCV  
  33  3:45  Cloaking Field  
  33  3:53  SCV  
  34  4:03  Siege Tank  
  34  4:05  SCV  
  38  4:10  Supply Depot  
  38  4:16  Banshee  
  41  4:21  Bunker  
  41  4:22  SCV  
  42  4:29  Marine  
  43  4:37  Siege Tank  
  46  4:39  SCV  
  47  4:45  Refinery  
  47  4:48  Barracks Reactor  
  45  5:02  SCV  
  45  5:06  Orbital Command  
  46  5:14  SCV  
  46  5:19  Banshee  
  50  5:27  Siege Tank  
  53  5:28  SCV  
  53  5:32  SCV  
  55  5:35  Marine  
  55  5:36  Marine  
  55  5:40  SCV  
  58  5:49  SCV  
  59  5:53  SCV  
  60  5:59  Marine x2  
  60  6:01  Siege Tank  
  60  6:02  SCV, Supply Depot  
  66  6:05  Raven  
  66  6:08  SCV  
  69  6:14  SCV  
  69  6:15  Supply Depot  
  70  6:24  Marine, SCV  
  72  6:26  Command Center  
  62  6:43  Siege Tank, SCV  
  62  6:44  Marine  
  62  6:46  SCV  
  68  6:47  Factory  
  68  6:52  Viking  
  70  6:55  SCV  
  70  6:58  SCV  
  70  7:00  Refinery  
  72  7:06  Factory  
  72  7:07  SCV  
  73  7:11  Armory, SCV  
  74  7:19  SCV  
  75  7:23  SCV  
  75  7:27  Factory  
  76  7:32  SCV  
  76  7:33  Starport Reactor  
  76  7:35  SCV  
  78  7:39  Refinery  
  78  7:40  Orbital Command  
  78  7:43  Infernal Pre-Igniter  
  78  7:44  SCV  
  78  7:47  SCV  
  78  7:49  Hellion x2  
  83  7:53  Barracks Reactor  
  83  7:56  SCV  
  84  7:59  SCV  
  84  8:01  Siege Tank  
  88  8:06  Terran Vehicle Weapons Level 1, SCV  
  88  8:08  SCV  
  88  8:11  SCV  
  91  8:14  Refinery, Hellion x2  
  91  8:18  SCV  
  96  8:20  SCV  
  96  8:22  Supply Depot  
  96  8:23  SCV  
  98  8:31  SCV  
  98  8:32  SCV  
  100  8:36  SCV  
  98  8:41  Hellion  
  98  8:42  Liberator x2  
  98  8:44  Siege Tank, Supply Depot  
  98  8:46  SCV  
  98  8:47  Supply Depot  
  103  8:49  Hellion  
  103  8:51  Hellion  
  103  8:52  Hellion  
  103  8:53  Engineering Bay  
  109  8:56  SCV  
  109  9:00  SCV  
  117  9:05  Siege Tank, SCV  
  117  9:07  Barracks Tech Lab, Factory  
  117  9:08  SCV  
  122  9:14  SCV  
  123  9:18  SCV  
  123  9:20  SCV  
  123  9:22  Hellion x2  
  123  9:23  Hellion x2  
  133  9:27  Supply Depot  
  133  9:29  Supply Depot  
  133  9:37  Armory  
  133  9:48  Siege Tank  
  133  9:49  Thor  
  136  9:55  Viking x2  
  136  9:56  Factory Tech Lab, Starport  
  136  9:57  Starport  
  140  10:03  Hellion x3  
  140  10:04  Hellion  
  140  10:05  Hellion x2  
  140  10:06  Hellion  
  148  10:09  Supply Depot  
  148  10:10  Supply Depot  
  148  10:11  Supply Depot  
  145  10:15  Siege Tank  
  145  10:20  Hellion x2  
  147  10:31  Terran Vehicle Weapons Level 2, Terran Vehicle And Ship Armor Level 1  
  147  10:32  Siege Tank  
  147  10:33  Hellion x3  
  156  10:40  Command Center  
  156  10:44  Siege Tank  
  156  10:45  Hellion  
  161  10:53  Starport Tech Lab x2  
  161  10:58  Missile Turret, Supply Depot  
  161  11:04  Thor  
  163  11:08  Supply Depot  
  163  11:10  Supply Depot  
  159  11:27  Thor x2  
  171  11:33  Banshee x2  
  171  11:35  Hyperflight Rotors  
  173  11:46  Viking  
  173  11:47  Viking  
  177  11:50  Thor  
  183  12:02  Missile Turret  
  183  12:05  Missile Turret  
  183  12:11  Planetary Fortress, Sensor Tower, SCV, Missile Turret  
  184  12:26  Refinery  
  184  12:28  Refinery  
  184  12:31  SCV x2  
  184  12:33  Banshee x2  
  192  12:44  Starport x2  
  192  12:51  Siege Tank, Sensor Tower  
  195  12:52  Missile Turret  
  195  12:54  Missile Turret  
  175  13:09  Siege Tank  
  175  13:10  Siege Tank, Hellion x4  
  175  13:11  Liberator  
  175  13:12  Liberator  
  173  13:15  Banshee  
  174  13:23  Banshee  
  177  13:31  Command Center  
  183  13:34  Terran Vehicle And Ship Armor Level 2  
  183  13:39  Starport Tech Lab x2  
  183  13:58  Raven  
  185  14:11  Siege Tank x2, Hellion x3  
  185  14:15  Supply Depot  
  197  14:20  Hellion  
  197  14:22  Siege Tank  
  197  14:32  Viking x2  
  197  14:33  Hellion  
  194  14:39  Viking  
  194  14:42  Hellion x2  
  195  15:17  Thor  
  193  15:25  Viking x2  
  193  15:26  Viking  
  193  15:28  Viking  
  190  15:30  Planetary Fortress  
  194  16:00  Command Center  
Show
View Real Time Build Order
Export as new Build Order

HolyHit Protoss 

Build Orders: Archon Immortal 

Get SALT Encoding   

  12  0:00  Probe  
  13  0:13  Probe  
  14  0:17  Pylon  
  14  0:24  Probe  
  15  0:32  Probe  
  15  0:38  Gateway  
  15  0:40  Probe  
  16  0:46  Assimilator  
  17  0:51  Probe  
  18  1:03  Probe  
  19  1:15  Probe  
  20  1:26  Cybernetics Core  
  20  1:28  Pylon  
  20  1:29  Probe  
  20  1:31  Assimilator  
  21  1:32  Zealot  
  23  1:47  Probe  
  24  1:56  Stalker  
  24  1:59  Probe  
  25  2:02  Shield Battery  
  27  2:11  Probe  
  28  2:23  Stalker  
  28  2:26  Probe  
  31  2:42  Nexus  
  30  2:54  Robotics Facility  
  30  3:02  Pylon  
  29  3:06  Stalker  
  29  3:08  Warp Gate  
  31  3:16  Probe  
  31  3:24  Probe  
  32  3:36  Probe, Twilight Council  
  32  3:43  Warp Prism  
  32  3:48  Probe  
  35  3:54  Probe  
  35  3:58  Pylon  
  35  4:02  Probe x2  
  38  4:10  Blink  
  38  4:15  Probe x2  
  39  4:20  Observer  
  39  4:23  Probe  
  41  4:27  Probe  
  43  4:31  Probe  
  43  4:36  Gateway  
  44  4:42  Probe  
  44  4:43  Observer  
  44  4:45  Probe  
  47  4:54  Probe  
  48  5:00  Immortal  
  46  5:10  Probe, Shield Battery  
  46  5:12  Nexus  
  51  5:20  Sentry, Shield Battery  
  53  5:21  Probe  
  53  5:23  Probe  
  55  5:31  Stalker  
  56  5:40  Probe x2  
  58  5:43  Stalker  
  58  5:47  Pylon  
  58  5:52  Warp Prism  
  60  5:59  Stalker  
  60  6:00  Probe  
  60  6:02  Assimilator  
  60  6:04  Charge, Assimilator  
  60  6:09  Stalker  
  62  6:11  Forge  
  62  6:21  Gateway  
  62  6:23  Stalker  
  60  6:41  Stalker  
  60  6:42  Probe  
  63  6:48  Immortal  
  63  6:49  Gateway  
  63  6:52  Observer  
  65  6:55  Stalker  
  65  6:57  Pylon  
  65  7:01  Gateway  
  65  7:05  Protoss Ground Weapons Level 1  
  65  7:07  Probe x2  
  65  7:08  Pylon  
  66  7:15  Probe  
  66  7:16  Probe, Forge  
  66  7:18  Gateway  
  66  7:19  Probe  
  66  7:21  Gateway  
  69  7:24  Probe  
  69  7:25  Stalker  
  69  7:26  Warp Prism  
  73  7:30  Probe  
  75  7:39  Probe  
  75  7:40  Probe  
  75  7:41  Observer  
  75  7:42  Probe  
  72  7:51  Probe  
  72  7:52  Probe  
  72  7:54  Stalker, Probe, Protoss Ground Armor Level 1  
  76  8:03  Probe  
  76  8:04  Probe  
  77  8:07  Stalker  
  77  8:08  Stalker  
  81  8:13  Immortal  
  81  8:16  Probe  
  86  8:25  Photon Cannon, Probe x2  
  88  8:32  Probe, Templar Archives  
  89  8:42  Probe  
  90  8:51  Assimilator, Immortal  
  90  8:52  Pylon  
  90  8:53  Assimilator  
  90  8:54  Pylon  
  90  8:55  Pylon, Nexus  
  94  9:06  Probe x2, Protoss Ground Weapons Level 2  
  94  9:08  Probe  
  97  9:10  Observer  
  97  9:14  Zealot x2  
  97  9:15  Zealot  
  103  9:18  Probe  
  103  9:25  Probe, Immortal  
  102  9:32  High Templar  
  102  9:33  High Templar x3  
  114  9:39  Archon x2  
  113  9:53  Pylon  
  113  9:55  Gateway  
  113  9:56  Stargate  
  113  10:00  Stalker  
  113  10:03  Pylon  
  113  10:06  Zealot x3  
  113  10:07  Zealot  
  121  10:26  Gateway  
  121  10:27  Gateway  
  121  10:28  Photon Cannon, High Templar x3  
  122  10:29  Photon Cannon, High Templar  
  122  10:33  Archon  
  122  10:35  Protoss Ground Armor Level 2  
  128  10:38  Probe  
  129  10:43  Archon  
  129  10:45  Zealot x3  
  135  10:50  Dark Shrine  
  135  10:55  Stalker  
  137  11:08  Immortal  
  141  11:12  Robotics Facility  
  141  11:18  Zealot x7  
  155  11:26  Protoss Ground Weapons Level 3  
  155  11:36  Pylon  
  155  11:38  Pylon  
  151  11:44  Fleet Beacon  
  151  11:46  Stargate  
  147  11:55  Pylon x2  
  147  11:57  Pylon  
  147  11:59  Warp Prism  
  141  12:07  Dark Templar x2  
  145  12:13  Probe  
  145  12:15  Assimilator  
  146  12:18  Zealot x2, Stargate  
  146  12:19  Zealot x6, Assimilator  
  146  12:21  Immortal  
  166  12:35  Warp Prism  
  164  12:52  Zealot x10  
  184  13:03  Immortal  
  144  13:07  Protoss Ground Armor Level 3  
  144  13:09  Carrier  
  120  13:13  Zealot x7  
  120  13:17  Carrier  
  136  13:22  Observer  
  139  13:43  Photon Cannon  
  139  13:44  Pylon  
  139  13:45  High Templar x2  
  139  13:46  Zealot x4  
  151  13:49  Archon  
  151  13:55  Probe x2  
  153  14:01  Zealot x3  
  153  14:02  Zealot  
  149  14:05  Observer  
  150  14:12  Zealot x3  
  150  14:13  Zealot  
  150  14:14  Carrier  
  158  14:17  Zealot x2  
  142  14:29  High Templar x2  
  138  14:36  Archon  
  138  14:37  Zealot x2  
  138  14:38  Zealot  
  137  14:56  Dark Templar x2  
  141  15:01  Nexus  
  141  15:06  Archon  
  139  15:14  Stalker x3  
  135  15:35  Stalker  
  135  15:38  Stalker x2  
  135  15:42  High Templar x2  
  132  15:49  Archon  
  131  15:53  Zealot x3  
  128  16:00  Stalker  
Tags
 
Add a new tag
Caveats
  • Supply blocks, unpowered buildings, or Contaminate may cause inaccurate times.
  • Supply counts are checked every 10 seconds.